 Dungeon Crawl Stone Soup version 0.27.1-4-g1640c2035a (webtiles) character file.

Game seed: 14585940427284424485

79 zeram the Vandal (level 4, -2/22 HPs)
             Began as a Spriggan Hunter on Nov 16, 2021.
             Killed from afar by Ijyb (9 damage)
             ... with an iceblast
             ... on level 3 of the Dungeon.
             The game lasted 00:02:44 (1831 turns).

zeram the Vandal (Spriggan Hunter)                  Turns: 1831, Time: 00:02:48

Health: -2/22      AC:  2    Str:  8    XL:     4   Next: 17%
Magic:  5/5        EV: 17    Int: 13    God:
Gold:   96         SH:  0    Dex: 15    Spells: 3/3 levels left

rFire    . . .     SeeInvis +   a - +1 hunting sling (venom)
rCold    . . .     Faith    .   (shield restricted)
rNeg     . . .     Spirit   .   c - +0 robe
rPois    .         Reflect  .   (helmet restricted)
rElec    .         Harm     .   (no cloak)
rCorr    +         Rampage  .   (gloves unavailable)
Will     .....                  (boots unavailable)
Stlth    ++........             (no amulet)
HPRegen  0.07/turn              m - ring of resist corrosion
MPRegen  0.09/turn              (no ring)

@: very quick
A: very small, no large weapons, unfitting armour, see invisible, speed 3
a: no special abilities


You were on level 3 of the Dungeon.
You visited 1 branch of the dungeon, and saw 3 of its levels.

You collected 96 gold pieces.

Inventory:

Hand Weapons
 a - a +1 hunting sling of venom (weapon)
 b - a +0 short sword
Missiles
 d - 22 sling bullets (quivered ammo)
 e - 121 stones
Armour
 c - a +0 robe (worn)
Jewellery
 m - a ring of resist corrosion (left hand)
Potions
 f - a potion of heal wounds {unknown}
 g - a potion of attraction
 h - 2 potions of berserk rage
 l - a potion of invisibility


   Skills:
 - Level 1.5 Fighting
 + Level 6.8 Slings
 + Level 2.9 Dodging
 + Level 1.5 Stealth


You had 3 spell levels left.
You didn't know any spells.
Your spell library was empty.

Dungeon Overview and Level Annotations

Branches:
Dungeon (3/15)

Altars:

Annotations:
D:3 Ijyb


Innate Abilities, Weirdness & Mutations

You are very small and have problems with some larger weapons.
You are too small for most types of armour.
You have supernaturally acute eyesight. (SInv)
You cover ground extremely quickly. (Speed+++)


Message History

A kobold is nearby!
A kobold is nearby!
A kobold is nearby!
A kobold is nearby!
You shoot a sling bullet. The sling bullet hits the kobold.
You kill the kobold!
No target in view!
No target in view!
No target in view!
No target in view!
You aren't carrying any scrolls.
e - 121 stones (gained 22)
Found a stone staircase leading up.
d - 24 sling bullets (gained 1)
Things that are here:
a +0 club; a kobold corpse
Found 9 gold pieces.
You now have 96 gold pieces (gained 9).
You open the door.
Ijyb the Twisted Goblin comes into view.
She is wielding a +2 spectral club and carrying a wand of iceblast (12).
Ijyb shouts!
Ijyb zaps a wand.
The mass of ice explodes!
The iceblast engulfs you!
Ouch! That really hurt!
Ijyb is nearby!
Ijyb is nearby!
Ijyb is nearby!
Ijyb is nearby!
You are too injured to fight recklessly!
Fire: 24 sling bullets
Press: ? - help, Q - select action, (/) - cycle Shift-Dir - straight line, f - Ijyb
Aim: Ijyb, wielding a +2 spectral club, wearing a +0 leather armour and carrying a wand of iceblast (11) (56% to hit)
You shoot a sling bullet. The sling bullet hits Ijyb.
Ijyb is lightly wounded.
An adder comes into view.
Fire: 23 sling bullets
Press: ? - help, Q - select action, (/) - cycle Shift-Dir - straight line, f/p - Ijyb
Aim: Ijyb, wielding a +2 spectral club, wearing a +0 leather armour and carrying a wand of iceblast (11) (lightly wounded, 56% to hit)
You shoot a sling bullet. The sling bullet misses Ijyb.
Ijyb zaps a wand.
The mass of ice explodes!
The iceblast engulfs you!
You die...

.....# ###(..S#
...# ..g...+.......
.....#......#
....#......#
...#......#
##'##......
+.@.......#
##....######..
..#+###.........#..
..#................
.........##........
........##........
.#......##........
#......##......##
#......##........


You could see Ijyb and an adder.

Vanquished Creatures
  2 adders (D:2)
  A worm (D:2)
  A dart slug (D:2)
  6 endoplasms
  13 giant cockroaches
  4 goblins (D:1)
  2 hobgoblins
  5 jackals
  A quokka (D:1)
  A ball python (D:2)
  5 bats
  3 frilled lizards
  3 kobolds
  3 rats
50 creatures vanquished.

Notes
Turn   | Place    | Note
-------+----------+-------------------------------------------
     0 | D:1      | zeram the Spriggan Hunter began the quest for the Orb.
     0 | D:1      | Reached XP level 1. HP: 10/10 MP: 2/2
    69 | D:1      | Reached skill level 5 in Slings
   190 | D:1      | Reached XP level 2. HP: 14/14 MP: 3/3
   241 | D:1      | Found a faded altar of an unknown god.
   923 | D:2      | Reached XP level 3. HP: 18/18 MP: 4/4
   925 | D:2      | Reached skill level 6 in Slings
  1436 | D:2      | Reached XP level 4. HP: 22/22 MP: 5/5
  1829 | D:3      | Noticed Ijyb
  1831 | D:3      | Killed from afar by Ijyb

Illustrated notes

Levels and vault maps discovered:
D:1:      dpeg_arrival_tiny_d, layout_rooms, shapermc_ecumenical_altar_venn,
          minmay_fountain_box, minmay_misc_feat_doors
D:2:      minmay_roachtagon, layout_basic
D:3:      layout_basic, uniq_ijyb, uniq_terence

Skill      XL: |  1  2  3 |
---------------+----------+-----
Slings         | 5 6 |  6.8
Fighting       | |  1.5
Dodging        | |  2.9
Stealth        | |  1.5

Action                   |  1- 3 |  4- 6 || total
-------------------------+-------+-------++-------
 Fire: Hunting sling     |   103 |    10 ||   113
  Use: Scroll            |     2 |     6 ||     8
Armor: Robe              |     5 |       ||     5
Dodge: Dodged            |    17 |       ||    17
